 Dungeon Crawl Stone Soup version 0.30-a0-743-gbfdf073431 (webtiles) character file.

Game seed: 13730119792580961617

175 Darius099 the Trooper (level 5, -3/47 HPs)
             Began as a Minotaur Fighter on Feb 7, 2023.
             Slain by Crazy Yiuf
             ... wielding a +4 quarterstaff of chaos
              (8 damage)
             ... on level 3 of the Dungeon.
             The game lasted 00:04:14 (2349 turns).

Darius099 the Trooper (Minotaur Fighter)            Turns: 2349, Time: 00:04:14

Health: -3/47      AC:  7    Str: 23    XL:     5   Next: 29%
Magic:  4/4        EV:  9    Int:  5    God:
Gold:   155        SH:  4    Dex:  9    Spells: 4/4 levels left

rFire   . . .      SeeInvis .    a - +0 war axe
rCold   . . .      Faith    .    c - +0 buckler
rNeg    . . .      Spirit   .    b - +0 scale mail
rPois   .          Reflect  .    (helmet restricted)
rElec   .          Harm     .    (no cloak)
rCorr   .          Rampage  .    (no gloves)
Will    .....                    (no boots) Stlth
                                 (no amulet)
HPRegen 0.27/turn                (no ring)
MPRegen 0.09/turn                (no ring)

@: no status effects
A: horns 2, retaliatory headbutt
a: no special abilities


You were on level 3 of the Dungeon.
You visited 1 branch of the dungeon, and saw 3 of its levels.

You collected 155 gold pieces.

Inventory:

Hand Weapons
 a - a +0 war axe (weapon)
Missiles
 o - 7 stones (quivered)
Armour
 b - a +0 scale mail (worn)
 c - a +0 buckler (worn)
Wands
 q - a wand of flame (7)
Scrolls
 f - 5 scrolls of identify {unknown}
 g - 3 scrolls of teleportation {unknown}
 i - 2 scrolls of immolation {unknown}
 j - a scroll of vulnerability {unknown}
 l - a scroll of fear {unknown}
 m - a scroll of poison {unknown}
 n - 2 scrolls of blinking {unknown}
Potions
 d - a potion of might
 e - a potion of curing
 h - a potion of ambrosia {unknown}
 k - a potion of lignification {unknown}
 p - a potion of resistance {unknown}
 r - a potion of attraction {unknown}


   Skills:
 - Level 4.7 Fighting
 * Level 4.1 Axes
 - Level 4.7 Armour
 - Level 4.7 Shields


You had 4 spell levels left.
You didn't know any spells.
Your spell library contained the following spells:

 Spells                   Type           Power      Damage    Failure   Level
 Beastly Appendage        Tmut           0%         N/A       86%         1
 Wereblood                Tmut           0%         N/A       94%         2
 Spider Form              Tmut/Pois      0%         N/A       99%         3


Dungeon Overview and Level Annotations

Branches:
Dungeon (3/15)

Altars:
Makhleb
Ru

Annotations:
D:3 Crazy Yiuf


Innate Abilities, Weirdness & Mutations

You have a pair of horns on your head.
You reflexively headbutt those who attack you in melee.


Message History

You slash the adder!
You kill the adder!
You feel very sick.
Your Axes skill increases to level 4!
No target in view!
No target in view!
No target in view!
You feel sick.
You feel sick.
You feel sick.
You feel sick.
You feel sick.
You are no longer poisoned.
You see here a +1 spear of venom.
There is a sacrificial altar of Ru here.
You see here 6 boomerangs.
There is an open door here.
Crazy Yiuf grits, "Gnoll!
Ice Xom infinity."
You open the door. You barely miss Crazy Yiuf. Your headbutt misses Crazy Yiuf.
Crazy Yiuf hits you with a +4 quarterstaff of chaos!
You are confused.
You completely miss Crazy Yiuf.
Crazy Yiuf drinks a potion.
Crazy Yiuf flickers and vanishes!
Deactivating autopickup; reactivate with Ctrl-A.
You hit something but do no damage. Something hits you! Something freezes you.
Something hits you! Something freezes you.
You bump into the rock wall.
Something hits you!
* * * LOW HITPOINT WARNING * * *
You bump into the rock wall.
Something hits you!
* * * LOW HITPOINT WARNING * * *
Something burns you.
* * * LOW HITPOINT WARNING * * *
It was a potion of curing.
You feel better. Something completely misses you.
You hit something but do no damage. Something hits you.
* * * LOW HITPOINT WARNING * * *
Something burns you.
* * * LOW HITPOINT WARNING * * *
You hit something. Something hits you!
You die...

#.# #.#
#.###.####
##.# ###
#......##
##..#
#####...##
##.#.# #####
##.....#
#.#### #..)#
#####.......
#..#># #...#
#...........
#.#.## ...
#####.......
#.### #{#
##...... #.#
##@# ##...##
#.# #.##
##### #[#
##.# #.#
#.## #.#
##.## ###
#.# #.PP##
#.# #.#
#..)P# #.#
#.# #....#
#.# #.#
#'..+# #.#


There were no monsters in sight!

Vanquished Creatures
  Ijyb (D:3)
  An iguana (D:3)
  3 adders
  A worm (D:2)
  5 dart slugs
  2 orcs (D:3)
  5 ball pythons
  5 endoplasms
  3 giant cockroaches
  10 hobgoblins
  4 jackals (D:1)
  3 quokkas
  6 bats
  2 frilled lizards
  9 goblins
  9 kobolds
  6 rats
75 creatures vanquished.

Notes
Turn   | Place    | Note
-------+----------+-------------------------------------------
     0 | D:1      | Darius099 the Minotaur Fighter began the quest for the Orb.
     0 | D:1      | Reached XP level 1. HP: 19/19 MP: 0/0
    70 | D:1      | Reached XP level 2. HP: 17/27 MP: 1/1
   344 | D:1      | Reached XP level 3. HP: 33/33 MP: 2/2
   893 | D:2      | Found a faded altar of an unknown god.
   960 | D:2      | Reached XP level 4. HP: 38/40 MP: 3/3
  1332 | D:3      | Found a burning altar of Makhleb.
  1421 | D:3      | Found a runed translucent door.
  1422 | D:3      | Noticed Crazy Yiuf
  1884 | D:3      | Noticed Ijyb
  1902 | D:3      | Killed Ijyb
  1903 | D:3      | Reached XP level 5. HP: 11/47 MP: 4/4
  2185 | D:3      | Found a sacrificial altar of Ru.
  2346 | D:3      | HP: 2/47 [something (3)]
  2349 | D:3      | Slain by Crazy Yiuf

Illustrated notes

Levels and vault maps discovered:
D:1:      dpeg_arrival_long_road, layout_basic, minivault_5,
          minmay_statues_item, st_stairs_14
D:2:      layout_rooms, ebering_ecumenical_altar_sacrificial, minivault_23,
          minmay_tetromino_t4
D:3:      kennysheep_the_goblin_king, layout_loops_ring,
          nicolae_ru_sacrificial_ziggurat, mainiacjoe_overflow_chevrons,
          uniq_crazy_yiuf_cottage

Skill      XL: |  1  2  3  4  5 |
---------------+----------------+-----
Armour         | 4 |  4.7
Shields        | 4 |  4.7
Fighting       | 4 |  4.7
Axes           | 3 4 |  4.1

Action                     |  1- 3 |  4- 6 || total
---------------------------+-------+-------++-------
  Melee: War axe           |    90 |    76 ||   166
         Headbutt          |     9 |    13 ||    22
    Use: Potion            |       |     1 ||     1
 Armour: Scale mail        |    42 |    32 ||    74
  Dodge: Dodged            |    52 |    32 ||    84
  Block: Buckler           |    29 |    20 ||    49

Table legend: (Time is in decaauts)
 A = Elapsed time spent in this place.
 B = Non-inter-level travel time spent in this place.
 C = Inter-level travel time spent in this place.
 D = Time resting spent in this place.
 E = Time spent auto-exploring this place.
 F = Levels seen in this place.
 G = Mean time per level.
                   A        B        C        D        E       F      G
               +--------+--------+--------+--------+--------+-----+--------+
         Total |   2411 |   2355 |     56 |    183 |   1721 |   3 |  803.7 |
       Dungeon |   2411 |   2355 |     56 |    183 |   1721 |   3 |  803.7 |
               +--------+--------+--------+--------+--------+-----+--------+

Top non-repeatable levels by time:
     D:3: 1058 daAuts
     D:1: 854 daAuts
     D:2: 498 daAuts
